 Dungeon Crawl Stone Soup version 0.29.1-1-gd02db6906a (webtiles) character file.

Game seed: 9532719158220192439

402 QueenGhuleh the Chopper (level 6, -1/84 HPs)
             Began as a Minotaur Berserker on Sept 28, 2022.
             Was a Priest of Trog.
             Succumbed to a goblin's poison
             ... on level 3 of the Dungeon.
             The game lasted 00:04:17 (3237 turns).

QueenGhuleh the Chopper (Minotaur Berserker)        Turns: 3237, Time: 00:04:17

Health: -1/84      AC: 12    Str: 24    XL:     6   Next: 55%
Magic:  5/5        EV: 11    Int:  4    God:    Trog [***...]
Gold:   163        SH:  0    Dex:  9    Spells: 5/5 levels left

rFire   . . .      SeeInvis .   i - +4 scythe (protect)
rCold   . . .      Faith    .   (shield currently unavailable)
rNeg    . . .      Spirit   .   h - +0 ring mail
rPois   .          Reflect  .   (helmet restricted)
rElec   .          Harm     .   (no cloak)
rCorr   .          Rampage  .   (no gloves)
Will    .....                   (no boots)
Stlth   ..........              (no amulet)
HPRegen 0.24/turn               (no ring)
MPRegen 0.09/turn               (no ring)

@: berserking, lethally poisoned (-1 -> -20), under a protective aura, very
quick
A: horns 2, retaliatory headbutt
a: Renounce Religion, Berserk, Trog's Hand


You were on level 3 of the Dungeon.
You worshipped Trog.
Trog was most pleased with you.
You visited 1 branch of the dungeon, and saw 3 of its levels.

You collected 163 gold pieces.

Inventory:

Hand Weapons
 a - a +0 hand axe
 i - a +4 scythe of protection (weapon)
Armour
 h - a +0 ring mail (worn)
Wands
 b - a wand of digging (13)
Scrolls
 e - 2 scrolls of identify {unknown}
 g - a scroll of fear {unknown}
 k - 2 scrolls of teleportation {unknown}
 n - a scroll of noise {unknown}
 o - a scroll of magic mapping {unknown}
 q - a scroll of immolation {unknown}
 r - a scroll of blinking {unknown}
Potions
 c - 8 potions of curing {unknown}
 d - a potion of might {unknown}
 f - a potion of flight {unknown}
 j - a potion of cancellation {unknown}
 l - a potion of berserk rage {unknown}
 m - a potion of attraction {unknown}
 p - a potion of lignification {unknown}


   Skills:
 + Level 5.6 Fighting
 + Level 6.3(6.4) Axes
 + Level 1.0(4.1) Polearms
 + Level 3.0 Armour
 + Level 3.5 Dodging
 + Level 1.4 Stealth


You had 5 spell levels left.
You didn't know any spells.
Your spell library was empty.

Dungeon Overview and Level Annotations

Branches:
Dungeon (3/15)

Altars:
Ashenzari
Qazlal


Innate Abilities, Weirdness & Mutations

You have a pair of horns on your head.
You reflexively headbutt those who attack you in melee.


Message History

Robin is lightly wounded.
* * * LOW HITPOINT WARNING * * *
You feel very sick.
The goblin no longer looks unusually strong.
The goblin hits you with a +0 dagger.
* * * LOW HITPOINT WARNING * * *
The goblin hits you with a +2 dagger of venom.
* * * LOW HITPOINT WARNING * * *
The goblin barely misses you.
You barely miss Robin.
Robin is lightly wounded.
* * * LOW HITPOINT WARNING * * *
You feel very sick.
Robin roars a battlecry!
The goblin goes into a battle-frenzy!
The goblin hits you but does no damage. The goblin barely misses you. x2
You furiously retaliate!
You headbutt the goblin. You closely miss Robin.
Robin is lightly wounded.
* * * LOW HITPOINT WARNING * * *
You feel very sick. The goblin hits you but does no damage.
The goblin barely misses you. The goblin hits you but does no damage.
You impale Robin!!
You kill Robin!
Trog accepts your kill.
* * * LOW HITPOINT WARNING * * *
You feel very sick.
Your base Polearms skill increases to level 1!
* * * LOW HITPOINT WARNING * * *
You feel sick.
The goblin hits you with a +2 dagger of venom.
* * * LOW HITPOINT WARNING * * *
You are more poisoned.
Items here: )) [[ †††.
You closely miss the goblin. You headbutt the goblin.
You feel the power of Trog in you as your rage grows.
You kill the goblin!
Trog accepts your kill.
You die...

##.........#.#
.....)####.#.#
#####...##.#.# ##
....#.#..#.#.# ##.
###.#.##...#.#.#..
#...#.###..#.#.#.###
#.###.# #..#.# .g..
#.# #.# #....###)##
#.###.# ##.....g@)#
#.....## #..####g.#
.......###.>#.##..#
..................#
.......####.#####.#
.......# #.......#
######## #########
######### ........#


You could see 3 goblins.

Vanquished Creatures
  Sigmund (D:2)
  Jessica (D:2)
  Terence (D:2)
  Natasha (D:3)
  Robin (D:3)
  6 adders
  6 dart slugs
  An orc (D:2)
  4 bats (D:2)
  9 endoplasms
  4 giant cockroaches
  13 goblins
  7 hobgoblins
  4 jackals (D:1)
  3 kobolds
  3 quokkas
  6 ball pythons
  3 frilled lizards
  4 rats
78 creatures vanquished.

Notes
Turn   | Place    | Note
-------+----------+-------------------------------------------
     0 | D:1      | QueenGhuleh the Minotaur Berserker began the quest for the
                  | Orb.
     0 | D:1      | Reached XP level 1. HP: 19/19 MP: 0/0
   438 | D:1      | Reached skill level 4 in Axes
   438 | D:1      | Reached XP level 2. HP: 19/27 MP: 1/1
   956 | D:1      | Reached XP level 3. HP: 30/33 MP: 2/2
  1029 | D:1      | Reached ** piety under Trog
  1279 | D:1      | Found a faded altar of an unknown god.
  1766 | D:2      | Reached XP level 4. HP: 37/39 MP: 3/3
  1785 | D:2      | Noticed Terence
  1796 | D:2      | Killed Terence
  1797 | D:2      | Reached skill level 5 in Axes
  2244 | D:2      | Noticed Jessica
  2244 | D:2      | Noticed Sigmund
  2254 | D:2      | Killed Jessica
  2255 | D:2      | Reached skill level 5 in Fighting
  2255 | D:2      | Reached XP level 5. HP: 16/48 MP: 4/4
  2258 | D:2      | Killed Sigmund
  2259 | D:2      | Reached skill level 6 in Axes
  2259 | D:2      | Reached skill level 1 in Stealth
  2259 | D:2      | Reached XP level 6. HP: 11/56 MP: 5/5
  2918 | D:3      | Found a stormy altar of Qazlal.
  2918 | D:3      | Found a broken altar of Ashenzari.
  3164 | D:3      | Noticed Natasha
  3168 | D:3      | Killed Natasha
  3221 | D:3      | Noticed Robin
  3224 | D:3      | Reached *** piety under Trog
  3235 | D:3      | Killed Robin
  3236 | D:3      | Reached skill level 1 in Polearms
  3236 | D:3      | HP: 3/84 [goblin/+2 dagger of venom[Robin] (3)]
  3237 | D:3      | Succumbed to a goblin's poison

Illustrated notes

Levels and vault maps discovered:
D:1:      dpeg_arrival_fog, layout_loops_ring,
          hellmonk_ecumenical_altar_prayer_group
D:2:      layout_rooms, minmay_quadrilaterals, uniq_jessica, uniq_sigmund,
          uniq_terence
D:3:      layout_basic, gammafunk_temple_overflow_statue, uniq_natasha,
          uniq_robin

Skill      XL: |  1  2  3  4  5  6 |
---------------+-------------------+-----
Axes           | 4 5 6 |  6.3
Fighting       | 4 5 |  5.6
Dodging        | 3 |  3.5
Stealth        | 1 |  1.4
Armour         | 3 |  3.0
Polearms       | 1 |  1.0

Action                   |  1- 3 |  4- 6 || total
-------------------------+-------+-------++-------
Melee: Hand axe          |    97 |    27 ||   124
       Headbutt          |    10 |     7 ||    17
       Punch             |     1 |       ||     1
       Halberd           |       |    44 ||    44
Invok: Berserk           |       |     3 ||     3
 Stab: Sleeping          |     1 |       ||     1
Armor: Animal skin       |    20 |     2 ||    22
       Ring mail         |       |    20 ||    20
Dodge: Dodged            |    69 |    49 ||   118
